 Dungeon Crawl Stone Soup version 0.31.0-11-ge490571c62 (webtiles) character file.

Game seed: 10430978933462999117

51 Ashen the Chopper (level 3, 0/34 HPs)
             Began as a Hill Orc Monk on Feb 4, 2024.
             Slain by a ribbon worm (6 damage)
             ... on level 2 of the Dungeon.
             The game lasted 00:01:39 (1395 turns).

Ashen the Chopper (Hill Orc Monk)                   Turns: 1395, Time: 00:01:40

Health: 0/34       AC:  2    Str: 15    XL:     3   Next: 81%
Magic:  3/3        EV:  6    Int: 10    God:
Gold:   39         SH:  0    Dex: 13    Spells: 2/2 levels left

rFire   . . .        a - +0 hand axe
rCold   . . .        d - orb {light}
rNeg    . . .        b - +0 robe
rPois   .            (no helmet)
rElec   .            (no cloak)
rCorr   .            (no gloves)
SInv    .            (no boots)
Will    .....        (no amulet)
Stlth   +            (no ring)
HPRegen 0.25/turn    (no ring)
MPRegen 0.08/turn

%: no passive effects
@: held, glowing
A: no striking features
a: no special abilities


You were on level 2 of the Dungeon.
You visited 1 branch of the dungeon, and saw 2 of its levels.

You collected 39 gold pieces.

Inventory:

Hand Weapons
 a - a +0 hand axe (weapon)
Armour
 b - a +0 robe (worn)
 d - an orb of light (worn)
Scrolls
 f - 2 scrolls of teleportation {unknown}
 i - a scroll of fear {unknown}
 k - a scroll of summoning {unknown}
 l - a scroll of blinking {unknown}
Potions
 c - a potion of ambrosia
 e - 2 potions of curing {unknown}
 g - a potion of enlightenment {unknown}
 h - a potion of mutation {unknown}
 j - a potion of degeneration {unknown}


   Skills:
 + Level 4.3 Fighting
 + Level 4.7 Axes
 + Level 0.8 Armour
 + Level 2.9 Dodging


You had 2 spell levels left.
You didn't know any spells.
Your spell library was empty.

Dungeon Overview and Level Annotations

Branches:
Dungeon (2/15)

Altars:


Message History

A ball python comes into view.
The ball python hisses angrily.
A hobgoblin comes into view.
Found 11 gold pieces and a runed whip.
The hobgoblin shouts!
The ribbon worm bites you. The ball python barely misses you.
The ball python grabs you. The ball python constricts you.
You barely miss the ball python.
You hit the ribbon worm but do no damage.
The ribbon worm bites you. The ball python bites you.
The ball python constricts you.
You hit the ball python.
You kill the ball python!
You hit the ribbon worm but do no damage.
A giant cockroach comes into view.
The ribbon worm closely misses you.
You hit the ribbon worm.
The ribbon worm is lightly wounded.
The ribbon worm misses you.
You hit the ribbon worm.
The ribbon worm is lightly wounded.
You barely miss the hobgoblin. The hobgoblin hits you.
The ribbon worm expels a string of sticky webbing.
The stream of webbing hits you but does no damage.
You are caught in a web!
You are caught in a web!
You struggle to detach yourself from the web.
The hobgoblin hits you.
You struggle to detach yourself from the web.
The ribbon worm barely misses you. The hobgoblin hits you.
You struggle to detach yourself from the web.
The hobgoblin hits you. The ribbon worm bites you.
You struggle to detach yourself from the web.
The hobgoblin barely misses you. The ribbon worm bites you.
* * * LOW HITPOINT WARNING * * *
You struggle to detach yourself from the web.
The hobgoblin hits you.
* * * LOW HITPOINT WARNING * * *
The ribbon worm bites you.
You die...

#.#.##.....†...#
#.#.########.###
#.#.......##.#
#.........'..#
#.##......####
##......#
#.......#
+.#†########
#.....@wB..+
####...g...#
#...........
#....#......
#....#$.....
#.##.#.).... #.
#.# ..... #. ###
#####


You could see a ribbon worm, a giant cockroach and a hobgoblin.

Vanquished Creatures
  An adder (D:2)
  3 endoplasms
  4 giant cockroaches
  3 goblins
  7 hobgoblins
  2 quokkas (D:1)
  7 ball pythons
  5 bats
  A frilled lizard (D:1)
  2 kobolds
  2 rats
37 creatures vanquished.

Notes
Turn   | Place    | Note
-------+----------+-------------------------------------------
     0 | D:1      | Ashen the Hill Orc Monk began the quest for the Orb.
     0 | D:1      | Reached XP level 1. HP: 19/19 MP: 1/1
   259 | D:1      | Reached XP level 2. HP: 14/27 MP: 2/2
   700 | D:1      | Reached XP level 3. HP: 20/33 MP: 3/3
  1395 | D:2      | Slain by a ribbon worm

Illustrated notes

Levels and vault maps discovered:
D:1:      minmay_arrival_four_circles, layout_basic, minmay_misc_feat_roman
D:2:      cheibrodos_old_hovel, layout_basic,
          hellmonk_ecumenical_altar_inner_sanctum

Skill      XL: |  1  2 |
---------------+-------+-----
Fighting       | 4 |  4.3
Axes           | |  4.7
Armour         | |  0.8
Dodging        | |  2.9

Action                     || total
---------------------------++-------
  Melee: Hand axe          ||    90
 Armour: Robe              ||    57
  Dodge: Dodged            ||    61
